 Dungeon Crawl Stone Soup version 0.23.1 (webtiles) character file.

Game seed: 18003080114891501005

651 misha the Spear-Bearer (level 7, 0/56 HPs)
             Began as a Merfolk Berserker on Mar 9, 2019.
             Was a Priest of Trog.
             Slain by an ogre
             ... wielding a +0 giant spiked club
              (21 damage)
             ... on level 5 of the Dungeon.
             The game lasted 00:13:20 (5272 turns).

misha the Spear-Bearer (Merfolk Berserker)          Turns: 5272, Time: 00:13:21

Health: 0/56       AC:  7    Str: 19    XL:     7   Next: 53%
Magic:  7/7        EV:  6    Int:  7    God:    Trog [***...]
Gold:   243        SH: 13    Dex: 13    Spells: 6/6 levels left

rFire    . . .     SeeInvis .   a - +0 spear
rCold    . . .     Gourm    .   n - +0 large shield
rNeg     . . .     Faith    .   w - +0 scale mail
rPois    .         Spirit   .   v - +0 helmet
rElec    .         Reflect  .   (no cloak)
rCorr    .         Harm     .   (no gloves)
MR       .....                  (no boots)
Stlth    ..........             (no amulet)
HPRegen  0.18/turn              (no ring)
MPRegen  0.10/turn              (no ring)

@: berserk cooldown, slowed, lightly drained, very slow
A: change form in water, swift swim, stealthy swim
a: Berserk, Trog's Hand, Renounce Religion


You were on level 5 of the Dungeon.
You worshipped Trog.
Trog was most pleased with you.
You were near starving.

You visited 1 branch of the dungeon, and saw 5 of its levels.

You collected 243 gold pieces.

Inventory:

Hand Weapons
 a - a +0 spear (weapon)
Missiles
 h - 87 stones (quivered)
 o - 2 tomahawks
 p - 6 javelins
 q - 2 javelins of returning
 u - 14 sling bullets
Armour
 n - a +0 large shield (worn)
 v - a +0 helmet (worn)
 w - a +0 scale mail (worn)
Scrolls
 d - a scroll of fear {unknown}
 g - 2 scrolls of amnesia
 i - 3 scrolls of teleportation
 l - a scroll of remove curse
 r - a scroll of enchant armour {unknown}
 s - 2 scrolls of blinking {unknown}
 t - a scroll of identify
Potions
 e - a potion of haste
 f - a potion of agility
 j - a potion of cancellation
 k - a potion of lignification {unknown}
 m - 2 potions of heal wounds
Comestibles
 c - 6 rations


   Skills:
 + Level 5.6(5.4) Fighting
 * Level 9.6(9.4) Polearms
 - Level 1.5(1.3) Armour
 - Level 3.0(2.9) Dodging
 + Level 2.5(2.3) Shields


You had 6 spell levels left.
You didn't know any spells.
Your spell library was empty.

Dungeon Overview and Level Annotations

Branches:
Dungeon (5/15)             Temple (0/1) D:4

Altars:
Elyvilon
Gozag
Hepliaklqana
Wu Jian


Message History

An ogre comes into view. It is wielding a +0 giant spiked club.
The ogre shouts!
You puncture the orc!
You kill the orc!
Trog accepts your kill.
You see here a +0 flail.
You feel a strong urge to attack something.
You are no longer berserk.
You are exhausted.
You feel yourself slow down.
You see here a scroll labeled AHIEK VUASCH.
You closely miss the orc. You block the orc's attack.
You hit the orc but do no damage. You block the orc's attack.
The ogre hits you with a +0 giant spiked club!!
You block the orc's attack.
Things that are here:
a +2 dagger of draining; a cursed +0 scale mail
Items here: )) [[ †† The ogre hits you with a +0 giant spiked club!!
You die...

..#.# #.#.#.# #.#.#.#
# #. ...#.# #.##..#.#
#. ..<.. #####
#.###.### #<..# {
#.#..o)O@.# ###.# .
#...?)###.# #)# ..
.......#.###.# #.#
.......+>....#######.#
.......#.............#
.......###############
....... .......
.......


You could see an ogre and an orc.

Vanquished Creatures
  Grinder (D:4)
  A scorpion (D:4)
  A howler monkey (D:3)
  An orc priest (D:5)
  A jelly (D:3)
  An orc wizard (D:5)
  A worker ant (D:3)
  Robin (D:4)
  3 gnolls (D:5)
  8 adders
  A shadow imp (D:5)
  An ooze (D:2)
  5 worms
  A dart slug (D:2)
  2 leopard geckos
  14 orcs
  2 ball pythons
  3 giant cockroaches
  15 hobgoblins
  6 jackals (D:3)
  7 kobolds
  4 quokkas
  3 bats
  2 frilled lizards (D:3)
  12 goblins
  A quokka skeleton (D:4)
  11 rats
109 creatures vanquished.

Notes
Turn   | Place    | Note
-------+----------+-------------------------------------------
     0 | D:1      | misha the Merfolk Berserker began the quest for the Orb.
     0 | D:1      | Reached XP level 1. HP: 18/18 MP: 1/1
   204 | D:1      | Reached XP level 2. HP: 24/24 MP: 2/2
   625 | D:1      | Reached skill level 5 in Polearms
  1002 | D:2      | Reached XP level 3. HP: 19/30 MP: 3/3
  1150 | D:2      | Reached ** piety under Trog
  1607 | D:2      | Found a white marble altar of Elyvilon.
  1768 | D:2      | Reached XP level 4. HP: 28/37 MP: 4/4
  1793 | D:2      | Reached skill level 6 in Polearms
  2740 | D:3      | Reached skill level 7 in Polearms
  2740 | D:3      | Reached XP level 5. HP: 43/43 MP: 5/5
  3605 | D:3      | Reached XP level 6. HP: 49/50 MP: 6/6
  3781 | D:4      | Reached skill level 8 in Polearms
  3806 | D:4      | Reached *** piety under Trog
  3806 | D:4      | Reached skill level 5 in Fighting
  3806 | D:4      | Reached skill level 1 in Shields
  4225 | D:4      | Noticed Grinder
  4239 | D:4      | Killed Grinder
  4239 | D:4      | Reached skill level 9 in Polearms
  4239 | D:4      | Reached XP level 7. HP: 56/56 MP: 7/7
  4568 | D:4      | Found an opulent altar of Gozag.
  4572 | D:4      | Found a hazy altar of Hepliaklqana.
  4578 | D:4      | Found an ornate altar of the Wu Jian Council.
  4613 | D:4      | Found a staircase to the Ecumenical Temple.
  4685 | D:4      | Noticed Robin
  4714 | D:4      | Killed Robin
  4965 | D:5      | Entered Level 5 of the Dungeon
  5272 | D:5      | Slain by an ogre

Skill      XL: |  1  2  3  4  5  6 |
---------------+-------------------+-----
Dodging        | 3 |  3.0
Polearms       | 5 7 9 |  9.6
Fighting       | 4 5 |  5.6
Shields        | 2 |  2.5
Armour         | |  1.5

Action                   |  1- 3 |  4- 6 |  7- 9 || total
-------------------------+-------+-------+-------++-------
Melee: Spear             |   125 |   229 |    83 ||   437
Invok: Berserk           |     2 |     3 |     2 ||     7
  Use: Scroll            |       |    10 |       ||    10
 Stab: Sleeping          |     1 |     2 |       ||     3
  Eat: Chunk             |     3 |     8 |     4 ||    15
       Ration            |       |     1 |       ||     1
Armor: Animal skin       |    10 |    11 |     2 ||    23
       Scale mail        |       |       |     9 ||     9
Dodge: Dodged            |    73 |    74 |     6 ||   153
Block: Large shield      |       |    54 |    25 ||    79
